 Dungeon Crawl Stone Soup version 0.28-b1-25-g9875b3fc8c (webtiles) character file.

Game seed: 1994493218858385043

0 lordive the Caller (level 1, 0/10 HPs)
             Began as a Tengu Summoner on Jan 31, 2022.
             Slain by a kobold (3 damage)
             ... on level 1 of the Dungeon.
             The game lasted 00:00:22 (106 turns).

lordive the Caller (Tengu Summoner)                  Turns: 106, Time: 00:00:23

Health: 0/10       AC:  2    Str:  8    XL:     1   Next: 10%
Magic:  1/4        EV: 12    Int: 15    God:
Gold:   6          SH:  0    Dex: 14    Spells: 3/4 levels left

rFire   . . .      SeeInvis .   (no weapon)
rCold   . . .      Faith    .   (no shield)
rNeg    . . .      Spirit   .   a - +0 robe
rPois   .          Reflect  .   (helmet restricted)
rElec   .          Harm     .   (no cloak)
rCorr   .          Rampage  .   (no gloves)
Will    .....                   (boots unavailable)
Stlth   ++........              (no amulet)
HPRegen 0.03/turn               (no ring)
MPRegen 0.09/turn               (no ring)

@: no status effects
A: beak, talons 3
a: no special abilities


You were on level 1 of the Dungeon.
You visited 1 branch of the dungeon, and saw 1 of its levels.

You collected 6 gold pieces.

Inventory:

Armour
 a - a +0 robe (worn)
Scrolls
 b - a scroll of identify {unknown}


   Skills:
 + Level 2.1 Dodging
 - Level 2.0 Stealth
 + Level 2.0 Spellcasting
 * Level 4.8 Summonings


You had 3 spell levels left.
You knew the following spells:

 Your Spells              Type           Power      Damage    Failure   Level
a - Summon Small Mammal   Summ           64%        N/A       3%          1

Your spell library contained the following spells:

 Spells                   Type           Power      Damage    Failure   Level
 Call Imp                 Summ           16%        N/A       4%          2
 Call Canine Familiar     Summ           16%        N/A       9%          3
 Summon Guardian Golem    Hex/Summ       8%         N/A       24%         3
 Summon Lightning Spire   Summ/Air       8%         N/A       63%         4


Dungeon Overview and Level Annotations

Branches:
Dungeon (1/15)

Altars:


Innate Abilities, Weirdness & Mutations

You have a beak for a mouth.
You have claws for feet.


Message History

The jackal bites your bat but does no damage.
Your bat closely misses the jackal.
The kobold shouts!
Your bat hits the jackal but does no damage.
The jackal barely misses your bat.
Your quokka completely misses the jackal.
The hobgoblin hits your quokka.
Your quokka bites the jackal but does no damage.
The jackal closely misses your bat.
Your bat completely misses the jackal.
The hobgoblin hits your quokka. The kobold misses you.
Your quokka barely misses the jackal.
The jackal closely misses your bat.
Your bat misses the jackal.
Your bat hits the jackal but does no damage.
The jackal bites something but does no damage.
The kobold barely misses you. The jackal barely misses your quokka.
Your bat misses the jackal.
The kobold hits you with a +0 short sword.
The jackal barely misses your quokka.
Your bat barely misses the jackal.
Your bat hits the jackal. The jackal barely misses you.
Your quokka bites the jackal.
The jackal barely misses you.
Your bat closely misses the jackal.
The kobold misses you.
Your bat hits the jackal but does no damage.
Your bat hits the kobold but does no damage.
Your quokka closely misses the kobold.
The jackal bites you.
The kobold hits your bat with a +0 short sword.
Your bat dies!
Your bat's corpse disappears in a puff of smoke!
The kobold shouts!
You hear an angry hiss.
Your quokka completely misses the kobold.
A ball python comes into view.
The jackal pauses to sniff the ground.
The jackal bites you.
* * * LOW HITPOINT WARNING * * *
Your quokka barely misses the jackal.
A frilled lizard comes into view.
The jackal closely misses you.
The kobold hits you with a +0 short sword.
You die...

.....................'
####.......##.g......#
#.......##......^.#
#.......##........#
#...g...##........#
####.......##........#
#.....r.#####........#
#...hhK.# #........#
#....@### #........#
........# ######..##
........#
###########.##
...S...##
#≈≈P.........# l......
#P≈≈##.###.... .......
#≈PP##.# #...# .......
#.##P≈≈# ###.# .......
#.##≈PP# .# #...PP≈#
.#


You could see 2 jackals, a hobgoblin, a ball python, a kobold, a frilled lizard
(wandering) and a friendly quokka (summoned).

Vanquished Creatures (collateral kills)
  A bat (D:1)
1 creature vanquished.

Notes
Turn   | Place    | Note
-------+----------+-------------------------------------------
     0 | D:1      | lordive the Tengu Summoner began the quest for the Orb.
     0 | D:1      | Reached XP level 1. HP: 10/10 MP: 4/4
   106 | D:1      | Slain by a kobold

Illustrated notes

Levels and vault maps discovered:
D:1:      psy_arrival_conway, layout_basic, kennysheep_doodads

Action                   || total
-------------------------++-------
 Cast: Summon Small Mamm ||     9
Armor: Robe              ||     2
Dodge: Dodged            ||    11
